 Dungeon Crawl Stone Soup version 0.18-a0-1694-g9f731c2 (webtiles) character file.

1310 Geeful the Agent of Entropy (level 8, -3/64 HPs)
             Began as a Formicid Abyssal Knight on Apr 5, 2016.
             Was a Priest of Lugonu.
             Killed by nerve-wracking pain
             ... invoked by an orc priest
              (9 damage)
             ... on level 6 of the Dungeon.
             The game lasted 00:16:28 (5457 turns).

Geeful the Agent of Entropy (FoAK)                  Turns: 5457, Time: 00:16:29

Health: -3/64      AC: 15    Str: 19    XL:     8   Next: 88%
Magic:  12/12      EV:  8    Int: 12    God:    Lugonu [***...]
Gold:   242        SH:  5    Dex: 10    Spells: 0 memorised, 7 levels left

rFire  + . .     SeeInvis +     k - +0 flail
rCold  . . .     Gourm    .     y - +0 chain mail
rNeg   + . .     Faith    .     h - +0 buckler
rPois  +         Spirit   .     (helmet unavailable)
rElec  .         Dismiss  .     e - +1 cloak {rPois}
rCorr  .         Reflect  .     q - +0 pair of gloves
SustAt .         Harm     .     g - +1 pair of boots
MR     .....                    (no amulet)
Stlth  ..........               r - ring of protection from fire
                                o - ring of positive energy

@: not resistant to hostile enchantments, extremely unstealthy
A: permanent stasis, dig shafts and tunnels, four strong arms, antennae 3,
regeneration 1, evolution 1, sturdy frame 1
a: Dig, Shaft Self, Depart the Abyss, Bend Space, Banish, Renounce Religion


You were on level 6 of the Dungeon.
You worshipped Lugonu.
Lugonu was most pleased with you.
You were hungry.

You visited 1 branch of the dungeon, and saw 6 of its levels.
You visited the Abyss 1 time.

You collected 242 gold pieces.

Inventory:

Hand Weapons
 k - a +0 flail (weapon)
Missiles
 b - 6 javelins (quivered)
 t - 14 poisoned needles
Armour
 e - a +1 cloak of poison resistance (worn)
 g - a +1 pair of boots (worn)
 h - a +0 buckler (worn)
 q - a +0 pair of gloves (worn)
 y - a +0 chain mail (worn)
Jewellery
 n - an uncursed ring of resist corrosion {unknown}
 o - a ring of positive energy (left hand)
 r - a ring of protection from fire (right hand)
Wands
 v - a wand of disintegration (0/24)
 B - a wand of flame (7/48)
Scrolls
 d - a scroll of remove curse
 f - a scroll of amnesia
 m - a scroll of identify
 s - 2 scrolls of immolation
Potions
 i - 4 potions of mutation
 j - a potion of curing
 p - a potion of brilliance {unknown}
 w - a potion of invisibility
 x - a potion of resistance
 z - a potion of might
Comestibles
 a - 3 beef jerkies
 c - 7 bread rations
 l - a royal jelly
 A - a meat ration


   Skills:
 + Level 5.7 Fighting
 + Level 4.4 Maces & Flails
 + Level 5.5 Armour
 - Level 1.0 Dodging
 + Level 5.4 Shields
 + Level 5.9 Invocations


You had 7 spell levels left.
You didn't know any spells.

Dungeon Overview and Level Annotations

Branches:
Dungeon (6/15)             Temple (0/1) D:4

Altars:
Cheibriados
Dithmenos
Kikubaaqudgha
Nemelex Xobeh
Ru
Trog
Xom
Yredelemnul

Shops:
D:4 :

Annotations:
D:6 Prince Ribbit


Innate Abilities, Weirdness & Mutations

You are under a permanent stasis effect.
You can dig through walls and to a lower floor.
Your four strong arms can wield two-handed weapons with a shield.
You have a pair of large antennae on your head (SInv).
Your natural rate of healing is unusually fast.
You evolve.
Your movements are slightly less encumbered by armour (ER -2).


Message History

The orc priest is severely wounded.
Prince Ribbit hits you.
* * * LOW HITPOINT WARNING * * *
The orc priest hits you but does no damage.
Prince Ribbit blinks!
Your chain mail prevents you from hitting the orc priest.
The orc priest is severely wounded.
The orc priest hits you with a club.
* * * LOW HITPOINT WARNING * * *
You barely miss the orc priest.
The orc priest is severely wounded.
The orc priest hits you but does no damage.
You closely miss the orc priest.
The orc priest is severely wounded.
The orc priest barely misses you.
You barely miss the orc priest.
The orc priest is severely wounded.
The orc priest mumbles some strange prayers to Beogh against you.
Pain shoots through your body!
You die...

...##...##..........>...........
#.#...........................#..
.......#.#.##.#..............###.
.#.#.#.#.#..#..#.....##.....##
.....#...##..#...#.####..####
#.#.##..####..##...#####.#$.
...###### ##.###........... #.##
#.###........... #.#
#########..)@o..........
#.###........###.F..........
#..##........# #............
##...........# #............
####...###### #+########... #...#
.. #...# . #...# #####


You could see Prince Ribbit and an orc priest.

Vanquished Creatures
  An ice beast (D:5)
  A phantom (D:5)
  A necrophage (D:6)
  5 ogres
  A gnoll sergeant (D:4)
  A scorpion (D:4)
  2 crimson imps (D:6)
  Crazy Yiuf (D:2)
  An iguana (D:4)
  An orc wizard (D:6)
  5 worker ants
  A worker ant zombie (D:5)
  3 gnolls (D:5)
  11 adders
  2 shadow imps
  An adder zombie (D:5)
  3 dart slugs
  3 giant geckos
  14 orcs
  7 giant cockroaches
  7 goblins
  7 hobgoblins
  10 jackals
  6 kobolds
  3 quokkas
  6 bats
  A giant gecko skeleton (D:4)
  4 giant newts
  A jackal skeleton (D:4)
  A quokka zombie (D:5)
  4 rats
115 creatures vanquished.

Vanquished Creatures (others)
  An iguana (D:6)
1 creature vanquished.

Grand Total: 116 creatures vanquished

Notes
Turn   | Place    | Note
--------------------------------------------------------------
     0 | Abyss:1  | Geeful the Formicid Abyssal Knight began the quest for the Orb.
     0 | Abyss:1  | Reached XP level 1. HP: 18/18 MP: 2/2
    42 | Abyss:1  | Noticed a great orb of eyes
    46 | Abyss:1  | Noticed a great orb of eyes
    47 | D:1      | Escaped the Abyss
   269 | D:1      | Reached skill level 1 in Dodging
   427 | D:1      | Reached XP level 2. HP: 22/24 MP: 3/3
   442 | D:1      | Reached * piety under Lugonu
   547 | D:1      | Reached XP level 3. HP: 29/29 MP: 5/5
   756 | D:1      | Reached skill level 1 in Shields
  1104 | D:2      | Found a basalt altar of Yredelemnul.
  1266 | D:2      | Reached XP level 4. HP: 36/36 MP: 6/6
  1459 | D:2      | Reached ** piety under Lugonu
  1659 | D:2      | Noticed Crazy Yiuf
  1665 | D:2      | Killed Crazy Yiuf
  1811 | D:2      | Reached XP level 5. HP: 42/42 MP: 7/7
  2206 | D:3      | Found a sacrificial altar of Ru.
  3110 | D:4      | Gained mutation: You evolve. [potion of mutation]
  3110 | D:4      | Gained mutation: Your natural rate of healing is unusually fast. [potion of mutation]
  3110 | D:4      | Gained mutation: Your movements are slightly less encumbered by armour (ER -2). [potion of mutation]
  3127 | D:4      | Reached XP level 6. HP: 22/48 MP: 7/9
  3427 | D:4      | Found a sparkling altar of Nemelex Xobeh.
  3467 | D:4      | Found a shadowy altar of Dithmenos.
  3639 | D:4      | Reached *** piety under Lugonu
  3686 | D:4      | Reached XP level 7. HP: 55/55 MP: 10/10
  3790 | D:4      | Found Raqinn's Book Boutique.
  3933 | D:4      | Found a staircase to the Ecumenical Temple.
  4065 | D:5      | Entered Level 5 of the Dungeon
  4331 | D:5      | Found a shimmering altar of Xom.
  4498 | D:5      | Reached skill level 5 in Fighting
  4498 | D:5      | Reached skill level 5 in Invocations
  4515 | D:5      | Found a snail-covered altar of Cheibriados.
  4515 | D:5      | Found an ancient bone altar of Kikubaaqudgha.
  4626 | D:5      | Reached XP level 8. HP: 42/62 MP: 11/11
  4814 | D:5      | Found a bloodstained altar of Trog.
  5080 | D:6      | Reached skill level 5 in Armour
  5080 | D:6      | Reached skill level 5 in Shields
  5266 | D:6      | Noticed Prince Ribbit
  5457 | D:6      | Killed from afar by an orc priest

Vault maps used:
D:1:      dpeg_arrival_pits
D:2:      old_standard_altar, uniq_crazy_yiuf_cottage
D:3:      nicolae_ru_path_of_blood, st_stairs_1
D:4:      nemelex_xobeh_ov_fountains_minmay,
          minmay_temple_entry_enclosed_plants, serial_shops,
          nicolae_shop_waterfront, serial_park_tiny_2, grunt_dithmenos_smoke
D:5:      lightli_temple_of_fire, amethyst_overflow_temple_binary, first_bread,
          xom_teletrap_fun
D:6:      lemuel_insect_pit, elyvilon_altar_5, hex_tiny, kennysheep_donut,
          nicolae_lava_and_water, lemuel_flame_loot_1, uniq_eustachio,
          uniq_prince_ribbit1

Skill      XL: |  1  2  3  4  5  6  7  8 |
---------------+-------------------------+-----
Dodging        | 1 |  1.0
Shields        | 1 2 3 4 5 |  5.4
Invocations    | 3 4 5 |  5.9
Armour         | 3 4 5 |  5.5
Fighting       | 4 5 |  5.7
Maces & Flails | 3 4 |  4.4

Action                   |  1- 3 |  4- 6 |  7- 9 || total
-------------------------+-------+-------+-------++-------
Melee: Mace              |    89 |   201 |       ||   290
       Flail             |       |   127 |   155 ||   282
Invok: Depart the Abyss  |     1 |       |       ||     1
Evoke: Wand              |       |       |    16 ||    16
  Use: Potion            |     1 |     5 |     1 ||     7
       Scroll            |       |       |    14 ||    14
  Eat: Chunk             |     1 |     9 |     5 ||    15
